PAAA
ROYSE CITY TARGARYENS @ CALGARY LYNX
07/01/2024
 
TOP OF THE 1ST
Royse City Targaryens batting - Pitching for Calgary Lynx : LHP Elroy Gardner
Pitching: LHP Elroy Gardner
Batting: LHB José Tamayo 0-0: Ball
1-0: Fly out, F4 (Popup, 4D)
Batting: LHB Aurelio Aurillo 0-0: Called Strike
0-1: Swinging Strike
0-2: Ball
1-2: SOLO HOME RUN (Flyball, 9D), Distance : 351 ft
Batting: SHB Mitch Qualtrough 0-0: Ball
1-0: Called Strike
1-1: SINGLE (Line Drive, 8LS)
Batting: RHB Yong-oon Yi 0-0: Ball
1-0: Ball
2-0: Grounds into double play, 6-4-3 (Groundball, 6)
Top of the 1st over - 1 run(s), 2 hit(s), 0 error(s), 0 left on base; Royse City 1 - Calgary 0
BOTTOM OF THE 1ST
Calgary Lynx batting - Pitching for Royse City Targaryens : RHP Stanley Neal
Pitching: RHP Stanley Neal
Batting: RHB Álex Estrada 0-0: Ground out 6-3 (Groundball, 6)
Batting: RHB David Ramírez 0-0: Called Strike
0-1: Ball
Single, Error in OF, E8, batter to second base
Batting: LHB Sébastien Rolland 0-0: Called Strike
0-1: Called Strike
0-2: Ball
1-2: Fly out, F8 (Flyball, 8LM)
Batting: RHB Tony Farquharson 0-0: Fly out, F7 (Flyball, 7M)
Bottom of the 1st over - 0 run(s), 1 hit(s), 1 error(s), 1 left on base; Royse City 1 - Calgary 0
TOP OF THE 2ND
Royse City Targaryens batting - Pitching for Calgary Lynx : LHP Elroy Gardner
Batting: RHB Fernando Rivera 0-0: Ball
1-0: Called Strike
1-1: Ground out 6-3 (Groundball, 6M)
Batting: LHB Carlos Álvarez 0-0: Called Strike
0-1: Called Strike
0-2: Strikes out swinging
Batting: RHB Miguel Uribe 0-0: Ball
1-0: Swinging Strike
1-1: Ground out 1-3 (Groundball, 23)
Top of the 2nd over - 0 run(s), 0 hit(s), 0 error(s), 0 left on base; Royse City 1 - Calgary 0
BOTTOM OF THE 2ND
Calgary Lynx batting - Pitching for Royse City Targaryens : RHP Stanley Neal
Batting: LHB Thomas Campbell 0-0: Foul Ball, location: 2F
0-1: Ground out 4-3 (Groundball, 4)
Batting: RHB Hieu De 0-0: Ball
1-0: Ball
2-0: Fly out, F9 (Flyball, 89D)
Batting: RHB Darren Tomlinson 0-0: Ball
1-0: Fly out, F6 (Line Drive, 6)
Bottom of the 2nd over - 0 run(s), 0 hit(s), 0 error(s), 0 left on base; Royse City 1 - Calgary 0
TOP OF THE 3RD
Royse City Targaryens batting - Pitching for Calgary Lynx : LHP Elroy Gardner
Batting: LHB Jorge Garza 0-0: Foul Ball, location: 2F
0-1: Swinging Strike
0-2: SOLO HOME RUN (Flyball, 9LD), Distance : 343 ft
Batting: LHB Evan Nelson 0-0: Called Strike
0-1: SINGLE (Groundball, 6MD)
Batting: LHB José Tamayo 0-0: Fly out, F4 (Popup, 4MD)
Batting: LHB Aurelio Aurillo 0-0: Swinging Strike
0-1: Foul Ball, location: 2F
0-2: Strikes out swinging
Batting: SHB Mitch Qualtrough 0-0: Called Strike
0-1: Ball
1-1: Ball
2-1: Ball
3-1: Called Strike
3-2: Strikes out swinging
Top of the 3rd over - 1 run(s), 2 hit(s), 0 error(s), 1 left on base; Royse City 2 - Calgary 0
BOTTOM OF THE 3RD
Calgary Lynx batting - Pitching for Royse City Targaryens : RHP Stanley Neal
Batting: RHB Dusty Childress 0-0: Called Strike
0-1: Ball
1-1: Ball
2-1: Fly out, F8 (Flyball, 8LD)
Batting: RHB Chris Woodruff 0-0: Ball
1-0: Fly out, F9 (Flyball, 9M)
Batting: RHB Álex Estrada 0-0: Ball
1-0: Ball
2-0: Foul Ball, location: 2F
2-1: Called Strike
2-2: SINGLE (Line Drive, 8LS)
Batting: RHB David Ramírez 0-0: Ball
1-0: Called Strike
1-1: Ground out 4-3 (Groundball, 4)
Bottom of the 3rd over - 0 run(s), 1 hit(s), 0 error(s), 1 left on base; Royse City 2 - Calgary 0
TOP OF THE 4TH
Royse City Targaryens batting - Pitching for Calgary Lynx : LHP Elroy Gardner
Batting: RHB Yong-oon Yi 0-0: Ball
1-0: SINGLE (Groundball, 6MD)
Batting: RHB Fernando Rivera 0-0: Ball
1-0: Called Strike
1-1: Ball
2-1: Called Strike
2-2: Strikes out swinging
Batting: LHB Carlos Álvarez 0-0: Swinging Strike
0-1: Ball
1-1: Ball
2-1: Fly out, F3 (Popup, 3F)
Batting: RHB Miguel Uribe 0-0: Called Strike
0-1: Called Strike
0-2: Foul Ball, location: 2F
0-2: SINGLE (Line Drive, 4M)
Yong-oon Yi to second
Batting: LHB Jorge Garza 0-0: Fly out, F9 (Flyball, 9M)
Top of the 4th over - 0 run(s), 2 hit(s), 0 error(s), 2 left on base; Royse City 2 - Calgary 0
BOTTOM OF THE 4TH
Calgary Lynx batting - Pitching for Royse City Targaryens : RHP Stanley Neal
Batting: LHB Sébastien Rolland 0-0: Ball
1-0: Called Strike
1-1: Swinging Strike
1-2: Foul Ball, location: 2F
1-2: Strikes out looking
Batting: RHB Tony Farquharson 0-0: Called Strike
0-1: Ball
1-1: Ball
2-1: Ball
3-1: Fly out, F9 (Flyball, 9LM)
Batting: LHB Thomas Campbell 0-0: SINGLE (Groundball, 3D)
Batting: RHB Hieu De 0-0: Called Strike
0-1: Swinging Strike
0-2: Foul Ball, location: 2F
0-2: Ball
1-2: Fly out, F7 (Line Drive, 7S)
Bottom of the 4th over - 0 run(s), 1 hit(s), 0 error(s), 1 left on base; Royse City 2 - Calgary 0
TOP OF THE 5TH
Royse City Targaryens batting - Pitching for Calgary Lynx : LHP Elroy Gardner
Batting: LHB Evan Nelson 0-0: Ground out U3 (Groundball, 3)
Batting: LHB José Tamayo 0-0: Fly out, F7 (Flyball, 7M)
Batting: LHB Aurelio Aurillo 0-0: Ball
1-0: Ball
2-0: Called Strike
2-1: Ball
3-1: Ground out U3 (Groundball, 3S)
Top of the 5th over - 0 run(s), 0 hit(s), 0 error(s), 0 left on base; Royse City 2 - Calgary 0
BOTTOM OF THE 5TH
Calgary Lynx batting - Pitching for Royse City Targaryens : RHP Stanley Neal
Batting: RHB Darren Tomlinson 0-0: Ball
1-0: Foul Ball, location: 2F
1-1: Called Strike
1-2: Ball
2-2: Foul Ball, location: 2F
2-2: Ball
3-2: SINGLE (Line Drive, 9S)
Batting: RHB Dusty Childress 0-0: Ball
Darren Tomlinson steals 2nd base
1-0: Foul Ball, location: 2F
1-1: Foul Ball, location: 2F
1-2: Ground out 6-3 (Groundball, 6M)
Darren Tomlinson to third
Batting: RHB Chris Woodruff 0-0: Ball
1-0: Called Strike
1-1: Reached on error, E5 (Groundball, 5L)
Darren Tomlinson scores
Batting: RHB Álex Estrada 0-0: Ball
Chris Woodruff steals 2nd base
1-0: Called Strike
1-1: SINGLE (Groundball, 6) (infield hit)
Chris Woodruff to third
Batting: RHB David Ramírez 0-0: Ball
1-0: Called Strike
Álex Estrada steals 2nd base
1-1: Ball
2-1: Foul Ball, location: 2F
2-2: Foul Ball, location: 2F
2-2: Ball
3-2: Fly out, F7 (Flyball, 7M)
Runner from 3rd tags up, SCORES, throw made
Batting: LHB Sébastien Rolland 0-0: Ball
1-0: Ball
2-0: Called Strike
2-1: SINGLE (Line Drive, 34D)
Álex Estrada to third
Runner from 3rd tries for Home, SAFE, no throw or cutoff
Batting: RHB Tony Farquharson 0-0: Ball
1-0: Foul Ball, location: 2F
1-1: Ball
2-1: Ball
3-1: Fly out, F7 (Flyball, 78XD)
Bottom of the 5th over - 3 run(s), 3 hit(s), 1 error(s), 1 left on base; Royse City 2 - Calgary 3
TOP OF THE 6TH
Royse City Targaryens batting - Pitching for Calgary Lynx : LHP Elroy Gardner
Batting: SHB Mitch Qualtrough 0-0: Swinging Strike
0-1: Ground out 5-3 (Groundball, 5S)
Batting: RHB Yong-oon Yi 0-0: Called Strike
0-1: Ball
1-1: Reached on Error, E5 (Popup, 15)
Batting: RHB Fernando Rivera 0-0: Ball
1-0: Foul Ball, location: 2F
1-1: DOUBLE (Groundball, 5L)
Yong-oon Yi to third
Batting: LHB Carlos Álvarez 0-0: Ball
1-0: Foul Ball, location: 2F
1-1: Fly out, F9 (Flyball, 9D)
Runner from 3rd tags up, SCORES, no throw
Fernando Rivera to third
Batting: RHB Miguel Uribe 0-0: Ball
1-0: Called Strike
1-1: Ball
2-1: Ball
3-1: Base on Balls
Batting: LHB Jorge Garza 0-0: Ball
1-0: SINGLE (Line Drive, 34D)
Fernando Rivera scores
Miguel Uribe to second
Batting: LHB Evan Nelson 0-0: Ball
1-0: Fly out, F8 (Flyball, 8RD)
Top of the 6th over - 2 run(s), 2 hit(s), 1 error(s), 2 left on base; Royse City 4 - Calgary 3
BOTTOM OF THE 6TH
Calgary Lynx batting - Pitching for Royse City Targaryens : RHP Stanley Neal
Batting: LHB Thomas Campbell 0-0: Ground out 6-3 (Groundball, 6M)
Batting: RHB Hieu De 0-0: Called Strike
0-1: Called Strike
0-2: Fly out, F9 (Line Drive, 89M)
Batting: RHB Darren Tomlinson 0-0: Fly out, F7 (Flyball, 8LM)
Bottom of the 6th over - 0 run(s), 0 hit(s), 0 error(s), 0 left on base; Royse City 4 - Calgary 3
TOP OF THE 7TH
Royse City Targaryens batting - Pitching for Calgary Lynx : LHP Elroy Gardner
Batting: LHB José Tamayo 0-0: Called Strike
0-1: Ball
1-1: Swinging Strike
1-2: Strikes out looking
Batting: LHB Aurelio Aurillo 0-0: Called Strike
0-1: Ball
1-1: Foul Ball, location: 2F
1-2: Ground out U3 (Groundball, 3S)
Batting: SHB Mitch Qualtrough 0-0: Called Strike
0-1: Ball
1-1: Ground out 1-3 (Groundball, 13S)
Top of the 7th over - 0 run(s), 0 hit(s), 0 error(s), 0 left on base; Royse City 4 - Calgary 3
BOTTOM OF THE 7TH
Calgary Lynx batting - Pitching for Royse City Targaryens : RHP Stanley Neal
Batting: RHB Dusty Childress 0-0: Ball
1-0: Ball
2-0: Ball
3-0: Called Strike
3-1: Called Strike
3-2: Ground out 6-3 (Groundball, 56)
Batting: RHB Chris Woodruff 0-0: Ball
1-0: Swinging Strike
1-1: Ball
2-1: Called Strike
2-2: Foul Ball, location: 2F
2-2: Ball
3-2: Fly out, F8 (Flyball, 8RM)
Batting: RHB Álex Estrada 0-0: Ball
1-0: Ball
2-0: Foul Ball, location: 2F
2-1: Swinging Strike
2-2: Foul Ball, location: 2F
2-2: Foul Ball, location: 2F
2-2: Foul Ball, location: 2F
2-2: Foul Ball, location: 2F
2-2: Foul Ball, location: 2F
2-2: Ball
3-2: Base on Balls
Pitching: RHP John Hicks
Batting: RHB David Ramírez 0-0: Ball
1-0: Ball
2-0: Foul Ball, location: 2F
2-1: Ball
3-1: Base on Balls
Álex Estrada to second
Batting: LHB Sébastien Rolland 0-0: Ground out 3-1 (Groundball, 34)
Bottom of the 7th over - 0 run(s), 0 hit(s), 0 error(s), 2 left on base; Royse City 4 - Calgary 3
TOP OF THE 8TH
Royse City Targaryens batting - Pitching for Calgary Lynx : LHP Elroy Gardner
Batting: RHB Yong-oon Yi 0-0: Swinging Strike
0-1: Ball
1-1: Ball
2-1: Foul Ball, location: 2F
2-2: Ball
3-2: Base on Balls
Pinch Hitting: RHB Carlos Pacheco 0-0: Swinging Strike
0-1: Foul Ball, location: 2F
0-2: Ball
1-2: Ball
2-2: Strikes out swinging
Pitching: LHP Chang-soo Kim
Pinch Hitting: RHB Andrew Weeks 0-0: Foul Ball, location: 2F
0-1: Ball
1-1: Ball
2-1: Ball
3-1: Foul Ball, location: 2F
3-2: Base on Balls
Yong-oon Yi to second
Batting: RHB Miguel Uribe 0-0: Foul Ball, location: 2F
0-1: Swinging Strike
0-2: Foul Ball, location: 2F
0-2: Strikes out swinging
Batting: LHB Jorge Garza 0-0: Called Strike
0-1: Ball
1-1: Foul Ball, location: 2F
1-2: SINGLE (Line Drive, 4MD)
Yong-oon Yi to third
Andrew Weeks to second
Pinch Hitting: RHB Dave Thompson 0-0: Swinging Strike
0-1: Ball
1-1: SINGLE (Line Drive, 6M)
Yong-oon Yi scores
Andrew Weeks to third
Jorge Garza to second
Runner from 3rd tries for Home, SAFE, no throw or cutoff
Batting: LHB José Tamayo 0-0: Called Strike
0-1: SINGLE (Groundball, 4MD)
Jorge Garza to third
Dave Thompson to second
Runner from 3rd tries for Home, SAFE, throw made at trailing runner, SAFE at third!
Batting: LHB Aurelio Aurillo 0-0: Called Strike
0-1: Ball
1-1: Foul Ball, location: 2F
1-2: Foul Ball, location: 2F
1-2: Strikes out looking
Top of the 8th over - 3 run(s), 3 hit(s), 0 error(s), 2 left on base; Royse City 7 - Calgary 3
BOTTOM OF THE 8TH
Calgary Lynx batting - Pitching for Royse City Targaryens : RHP John Hicks
Now at 1B: Dave Thompson
Now at 2B: Andrew Weeks
Now in CF: Héctor Ruíz
Batting: RHB Tony Farquharson 0-0: Ball
1-0: Ball
2-0: Ball
3-0: Base on Balls
Batting: LHB Thomas Campbell 0-0: Fly out, F3 (Popup, 3SF)
Batting: RHB Hieu De 0-0: Swinging Strike
0-1: SINGLE (Groundball, 34S)
Tony Farquharson to second
Runner from 2nd tries for 3rd, OUT!
Batting: RHB Darren Tomlinson 0-0: Fly out, F8 (Flyball, 8LM)
Bottom of the 8th over - 0 run(s), 1 hit(s), 0 error(s), 1 left on base; Royse City 7 - Calgary 3
TOP OF THE 9TH
Royse City Targaryens batting - Pitching for Calgary Lynx : LHP Chang-soo Kim
Batting: SHB Mitch Qualtrough 0-0: Swinging Strike
0-1: Fly out, F7 (Flyball, 78M)
Batting: RHB Yong-oon Yi 0-0: SINGLE (Groundball, 56D)
Batting: RHB Héctor Ruíz 0-0: Ball
1-0: Ball
2-0: Ball
3-0: Called Strike
3-1: Called Strike
3-2: Foul Ball, location: 2F
3-2: DOUBLE (Flyball, 89M)
Yong-oon Yi to third
Pitching: RHP Ricardo González
Batting: RHB Andrew Weeks 0-0: Swinging Strike
0-1: Ball
1-1: Foul Ball, location: 2F
1-2: Strikes out swinging
Batting: RHB Miguel Uribe 0-0: SINGLE (Line Drive, 6MD)
Yong-oon Yi scores
Héctor Ruíz to third
Runner from 3rd tries for Home, SAFE, no throw or cutoff
Batting: LHB Jorge Garza 0-0: Ball
1-0: Foul Ball, location: 2F
1-1: Called Strike
1-2: Ground out 4-3 (Groundball, 4M)
Top of the 9th over - 2 run(s), 3 hit(s), 0 error(s), 1 left on base; Royse City 9 - Calgary 3
BOTTOM OF THE 9TH
Calgary Lynx batting - Pitching for Royse City Targaryens : RHP John Hicks
Batting: RHB Dusty Childress 0-0: Ball
1-0: Ball
2-0: Fly out, F9 (Flyball, 89S)
Batting: RHB Chris Woodruff 0-0: Ball
1-0: Ball
2-0: Foul Ball, location: 2F
2-1: SINGLE (Line Drive, 56)
Pitching: RHP Gabriel Rodríguez
Batting: RHB Álex Estrada 0-0: Fly out, F7 (Flyball, 78M)
Batting: RHB David Ramírez 0-0: Called Strike
0-1: Ball
1-1: Foul Ball, location: 2F
1-2: Foul Ball, location: 2F
1-2: Ball
2-2: Ball
3-2: Fly out, F9 (Flyball, 89M)
Bottom of the 9th over - 0 run(s), 1 hit(s), 0 error(s), 1 left on base; Royse City 9 - Calgary 3
This league is powered by Out of the Park Baseball, the baseball management simulation game for PC, Mac and Linux
Monday, October 3rd, 2016 - OOTP Baseball 16.9 Build 39